 Dungeon Crawl Stone Soup version 0.31-a0-177-g4aa6249778 (webtiles) character file.

Game seed: 11073543068026686416

72 qw the Shooter (level 4, -7/40 HPs)
             Began as a Naga Hunter on June 18, 2023.
             Killed from afar by Ijyb (14 damage)
             ... with a bolt of acid
             ... on level 3 of the Dungeon.
             The game lasted 00:00:37 (1687 turns).

qw the Shooter (Naga Hunter)                        Turns: 1687, Time: 00:00:37

Health: -7/40      AC: -2    Str: 19    XL:     4   Next: 25%
Magic:  4/4        EV:  9    Int: 10    God:
Gold:   127        SH:  0    Dex: 16    Spells: 3/3 levels left

rFire   . . .        Y - +0 shortbow
rCold   . . .        (shield currently unavailable)
rNeg    . . .        c - +0 leather armour
rPois   +            (no helmet)
rElec   .            (no cloak)
rCorr   .            b - +2 pair of gloves
SInv    +            (no barding)
Will    .....        (no amulet)
Stlth   ++           g - +6 ring of strength
HPRegen 0.26/turn    (no ring)
MPRegen 0.09/turn

%: no passive effects
@: about to teleport, corroded, very slow
A: AC +1, large, see invisible, deformed body, poison resistance, slowness 2,
spit poison 1, naga tail 1
a: Spit Poison


You were on level 3 of the Dungeon.
You visited 1 branch of the dungeon, and saw 3 of its levels.

You collected 127 gold pieces.


Innate Abilities, Weirdness & Mutations

Your serpentine skin is tough. (AC +1)
You have supernaturally acute eyesight. (SInv)
Armour fits poorly on your strangely shaped body.
Your system is resistant to poisons. (rPois)
You cover ground very slowly.
You can spit poison.
You have a snake-like lower body.


   Skills:
 + Level 2.3 Fighting
 - Level 5.0 Ranged Weapons
 - Level 1.5 Dodging
 - Level 1.5 Stealth


You had 3 spell levels left.
You didn't know any spells.
Your spell library was empty.

Inventory:

Hand Weapons
 Y - a +0 shortbow (weapon)
Armour
 b - a +2 pair of gloves (worn)
 c - a +0 leather armour (worn)
Jewellery
 g - a +6 ring of strength (left hand)
Scrolls
 a - a scroll of teleportation
 e - a scroll of identify
Potions
 d - a potion of haste {unknown}
 f - a potion of resistance {unknown}
 h - a potion of curing
 j - a potion of lignification {unknown}
 k - a potion of enlightenment {unknown}

Dungeon Overview and Level Annotations

Branches:
Dungeon (3/15)

Altars:

Annotations:
D:3 Ijyb


Message History

As you read the scroll labelled WAETI GODORUM, it crumbles to dust.
It is a scroll of identify.
Really abort (and waste the scroll)?
Done exploring.
1643 ||| DROPPING scroll of amnesia.
You drop a scroll of amnesia.
Done exploring.
(D) Dungeon
Where to? (* - list waypoints, Enter - D:2, ? - help)
What level of the Dungeon? (default 1, ? - help)
There is a stone staircase leading down here.
You climb downwards.
There is a stone staircase leading up here.
Waypoint 2 assigned to D:3.
You now have 111 gold pieces (gained 17).
e - a scroll of identify You now have 127 gold pieces (gained 16).
Ijyb the Twisted Goblin comes into view.
She is wielding a +1 dagger of speed and carrying a wand of acid (4).
1682 ||| INVOKING Spit Poison.
Aiming: Spit Poison (1% risk of failure)
Press: ? - help, Shift-Dir - straight line, f - Ijyb The splash of poison hits Ijyb.
Ijyb is lightly wounded.
Ijyb shouts!
You shoot an arrow. The arrow hits Ijyb but does no damage.
Ijyb is lightly wounded.
You shoot an arrow. The arrow hits Ijyb but does no damage.
Ijyb is lightly wounded.
Ijyb zaps a wand.
The bolt of acid hits you. The acid corrodes you! Ijyb completely misses you.
You shoot an arrow. The arrow completely misses Ijyb.
Ijyb zaps a wand.
The bolt of acid hits you!
You shoot an arrow. The arrow hits Ijyb but does no damage.
Ijyb is lightly wounded.
Ijyb zaps a wand.
The bolt of acid hits you! The acid corrodes you!
1687 ||| READING 2 scrolls of teleportation.
As you read the scroll of teleportation, it crumbles to dust.
You feel strangely unstable.
You have got your breath back.
Ijyb closely misses you.
Ijyb zaps a wand.
The bolt of acid hits you!
You die...

#.####.##.#########
.. ##.##.#........
# ###<......#######
#..........^...#
##.###..##.###.# .
#..##.# .#
...###..##.# #
#.....###.#
#.....@...#
#####g##### ...
#.#. #.#. # #. ##


You could see Ijyb.

Vanquished Creatures
  An adder (D:2)
  2 dart slugs
  5 endoplasms
  3 goblins
  3 hobgoblins
  12 jackals
  3 quokkas
  5 ball pythons
  2 bats (D:1)
  3 frilled lizards (D:1)
  7 kobolds
  6 rats
52 creatures vanquished.

Notes
Turn   | Place    | Note
-------+----------+-------------------------------------------
     0 | D:1      | qw the Naga Hunter began the quest for the Orb.
     0 | D:1      | Reached XP level 1. HP: 19/19 MP: 1/1
     0 | D:1      | 0 ||| qw: Version: 0.3-a-5-g6f28e65
     0 | D:1      | 0 ||| qw: Game counter: 554
     0 | D:1      | 0 ||| qw: Always use a shield: true
     0 | D:1      | 0 ||| qw: God list: Okawaru
     0 | D:1      | 0 ||| qw: Allow faded altars: false
     0 | D:1      | 0 ||| qw: Do Orc after D:15 true
     0 | D:1      | 0 ||| qw: Do second Lair branch before Depths: true
     0 | D:1      | 0 ||| qw: Lair rune preference: random
     0 | D:1      | 0 ||| qw: Plans: Normal
     0 | D:1      | 0 ||| PLANNING D:1-11
    14 | D:1      | 14 ||| INVOKING Spit Poison.
    32 | D:1      | 32 ||| INVOKING Spit Poison.
    37 | D:1      | 37 ||| INVOKING Spit Poison.
   134 | D:1      | 134 ||| INVOKING Spit Poison.
   139 | D:1      | 139 ||| INVOKING Spit Poison.
   140 | D:1      | Reached skill level 4 in Ranged Weapons
   140 | D:1      | Reached XP level 2. HP: 16/22 MP: 2/2
   167 | D:1      | 167 ||| INVOKING Spit Poison.
   237 | D:1      | 237 ||| INVOKING Spit Poison.
   253 | D:1      | 253 ||| INVOKING Spit Poison.
   281 | D:1      | 281 ||| INVOKING Spit Poison.
   286 | D:1      | 286 ||| INVOKING Spit Poison.
   384 | D:1      | 384 ||| INVOKING Spit Poison.
   422 | D:1      | 422 ||| INVOKING Spit Poison.
   428 | D:1      | 428 ||| INVOKING Spit Poison.
   432 | D:1      | 432 ||| INVOKING Spit Poison.
   441 | D:1      | 441 ||| INVOKING Spit Poison.
   442 | D:1      | 442 ||| INVOKING Spit Poison.
   443 | D:1      | Reached XP level 3. HP: 30/30 MP: 3/3
   504 | D:1      | 504 ||| INVOKING Spit Poison.
   559 | D:1      | 559 ||| INVOKING Spit Poison.
   568 | D:1      | 568 ||| INVOKING Spit Poison.
   629 | D:1      | 629 ||| INVOKING Spit Poison.
   718 | D:1      | 718 ||| INVOKING Spit Poison.
   889 | D:1      | 889 ||| UPGRADING to +6 ring of strength.
   890 | D:1      | 890 ||| READING 2 scrolls labelled RAZUUPA GURHE.
   895 | D:1      | 895 ||| READING scroll labelled YSOOGU WOARCHIU.
   896 | D:1      | 896 ||| DRINKING 2 fizzy black potions.
   897 | D:1      | 897 ||| DROPPING scroll of butterflies.
   922 | D:2      | 922 ||| INVOKING Spit Poison.
   928 | D:2      | 928 ||| INVOKING Spit Poison.
   932 | D:2      | 932 ||| INVOKING Spit Poison.
  1030 | D:2      | 1030 ||| INVOKING Spit Poison.
  1033 | D:2      | 1033 ||| INVOKING Spit Poison.
  1041 | D:2      | 1041 ||| INVOKING Spit Poison.
  1074 | D:2      | 1074 ||| INVOKING Spit Poison.
  1079 | D:2      | Reached skill level 5 in Ranged Weapons
  1079 | D:2      | Reached XP level 4. HP: 34/39 MP: 4/4
  1141 | D:2      | 1141 ||| INVOKING Spit Poison.
  1149 | D:2      | Found a faded altar of an unknown god.
  1277 | D:2      | 1277 ||| INVOKING Spit Poison.
  1477 | D:2      | 1477 ||| INVOKING Spit Poison.
  1485 | D:2      | 1485 ||| INVOKING Spit Poison.
  1491 | D:2      | 1491 ||| INVOKING Spit Poison.
  1495 | D:2      | 1495 ||| INVOKING Spit Poison.
  1636 | D:2      | 1636 ||| UPGRADING to +2 pair of gloves.
  1641 | D:2      | 1641 ||| READING 2 scrolls labelled DUDIFO GINESHRA.
  1642 | D:2      | 1642 ||| READING scroll labelled WAETI GODORUM.
  1643 | D:2      | 1643 ||| DROPPING scroll of amnesia.
  1681 | D:3      | Noticed Ijyb
  1682 | D:3      | 1682 ||| INVOKING Spit Poison.
  1686 | D:3      | HP: 7/40 [Ijyb/bolt of acid (14)]
  1687 | D:3      | 1687 ||| READING 2 scrolls of teleportation.
  1687 | D:3      | Killed from afar by Ijyb

Levels and vault maps discovered:
D:1:      dpeg_arrival_ternary, layout_loops_ring, minivault_5,
          hangedman_decor_lopped, minmay_misc_feat_secret_circle,
          palyth_stone_intersect
D:2:      cheibrodos_helix_gallery, layout_basic, ebering_ecumenical_altar_hall
D:3:      layout_loops_ring, uniq_jessica, uniq_ijyb

Skill      XL: |  1  2  3 |
---------------+----------+-----
Ranged Weapons | 4 5 |  5.0
Fighting       | |  2.3
Dodging        | |  1.5
Stealth        | |  1.5

Action                     |  1- 3 |  4- 6 || total
---------------------------+-------+-------++-------
   Fire: Shortbow          |    68 |    24 ||    92
Ability: Spit Poison       |    27 |     7 ||    34
    Use: Scroll            |     2 |     3 ||     5
         Potion            |     1 |       ||     1
 Armour: Leather armour    |     3 |     4 ||     7
  Dodge: Dodged            |     6 |     5 ||    11

Table legend:
 A = Non-vault XP
 B = Vault XP
 C = Vault XP percentage of total XP
 D = Non-vault monster count
 E = Vault monster count
 F = Vault count percentage of total count
                 A         B        C        D         E       F
            +---------+---------+-------+---------+---------+-------
      Total |     101 |       2 |   1.9 |      50 |       2 |   3.8
            +---------+---------+-------+---------+---------+-------
        D:1 |      51 |       0 |   0.0 |      30 |       0 |   0.0
        D:2 |      50 |       2 |   3.8 |      20 |       2 |   9.1
            +---------+---------+-------+---------+---------+-------
